 Dungeon Crawl Stone Soup version 0.28-a0-628-g3c9886e45e (webtiles) character file.

Game seed: 6951277483458186224

454 mordus the Poker (level 7, -1/57 HPs)
             Began as a Hill Orc Monk on Oct 8, 2021.
             Slain by an ogre (5 damage)
             ... on level 4 of the Dungeon.
             The game lasted 00:02:50 (3445 turns).

mordus the Poker (Hill Orc Monk)                    Turns: 3445, Time: 00:02:50

Health: -1/57      AC:  9    Str: 16    XL:     7   Next: 5%
Magic:  7/7        EV: 10    Int: 10    God:
Gold:   134        SH:  0    Dex: 13    Spells: 6/6 levels left

rFire   . . .      SeeInvis .   a - +0 spear
rCold   . . .      Faith    .   (no shield)
rNeg    . . .      Spirit   .   j - +0 scale mail
rPois   .          Reflect  .   (no helmet)
rElec   .          Harm     .   b - +1 cloak
rCorr   .          Rampage  .   (no gloves)
Will    .....                   (no boots)
Stlth   ..........              (no amulet)
HPRegen 0.19/turn               c - +4 ring of slaying
MPRegen 0.10/turn               (no ring)

@: no status effects
A: no striking features
a: no special abilities


You were on level 4 of the Dungeon.
You visited 1 branch of the dungeon, and saw 4 of its levels.

You collected 134 gold pieces.

Inventory:

Hand Weapons
 a - a +0 spear (weapon)
Armour
 b - a +1 cloak (worn)
 j - a +0 scale mail (worn)
Jewellery
 c - a +4 ring of slaying (left hand)
Wands
 m - a wand of iceblast (7)
Scrolls
 d - a scroll of enchant weapon {unknown}
 h - 2 scrolls of enchant armour {unknown}
 i - a scroll of fog {unknown}
 k - a scroll of identify {unknown}
 l - a scroll of teleportation {unknown}
Potions
 e - a potion of lignification {unknown}
 f - 2 potions of curing {unknown}
 g - a potion of mutation {unknown}


   Skills:
 - Level 3.6 Fighting
 * Level 7.2 Polearms
 + Level 4.2 Armour
 - Level 2.4 Dodging
 - Level 1.5 Stealth


You had 6 spell levels left.
You didn't know any spells.
Your spell library contained the following spells:

 Spells                   Type           Power      Damage    Failure   Level
 Magic Dart               Conj           0%         1d3       78%         1
 Searing Ray              Conj           0%         2d4       89%         2
 Summon Guardian Golem    Hex/Summ       0%         N/A       98%         3
 Fulminant Prism          Conj/Hex       0%         3d6       100%        4
 Orb of Destruction       Conj           0%         N/A       100%        7
 Spellforged Servitor     Conj/Summ      0%         N/A       100%        7


Dungeon Overview and Level Annotations

Branches:
Dungeon (4/15)             Temple (0/1) D:4

Altars:
Kikubaaqudgha
Sif Muna
Xom


Message History

The hound is heavily wounded.
The hound closely misses you.
You puncture the hound!
The hound is almost dead.
The hound closely misses you.
Your scale mail prevents you from hitting the hound.
The hound is almost dead.
The hound bites you but does no damage.
You hit the hound but do no damage.
The hound is almost dead.
The hound barely misses you.
You barely miss the hound.
The hound is almost dead.
The hound bites you.
An orc comes into view. It is wielding a +0 club.
The orc shouts!
You hit the hound.
You kill the hound!
You have reached level 7!
You hit the ogre.
The ogre is moderately wounded.
You puncture the ogre!
The ogre is heavily wounded.
The ogre barely misses you.
You hit the ogre.
The ogre is severely wounded.
The ogre hits you with a +0 giant spiked club!!
* * * LOW HITPOINT WARNING * * *
You hit the ogre.
The ogre is severely wounded.
You barely miss the ogre.
The ogre is severely wounded.
The ogre hits you with a +0 giant spiked club!
* * * LOW HITPOINT WARNING * * *
You hit the ogre.
The ogre is almost dead.
You closely miss the ogre.
The ogre is almost dead.
The ogre hits you with a +0 giant spiked club.
You die...

######..............####
####.#.#.....................
###......##....................
#..............................
###..........##................
#.#........##.............##.
#......#...##................
#......#...##..##....##.....#
##.......#oO@........)<....#
#......##.##........).....##
........#.†#.................
........##).##.........)......
........:...#.................
...8.8.8.........#..##.....
.#..⌠.⌠.....##....... ...#.
8.>.8....##...........#.
..⌠.⌠....###...........#


You could see an ogre and an orc.

Vanquished Creatures
  Grinder (D:3)
  A bullfrog (D:4)
  A hound (D:4)
  Crazy Yiuf (D:2)
  Jessica (D:2)
  An orc wizard (D:3)
  3 adders
  An adder skeleton (D:4)
  2 dart slugs
  9 orcs
  5 ball pythons
  4 bats
  6 endoplasms
  2 giant cockroaches
  4 goblins
  3 hobgoblins
  2 jackals (D:3)
  5 kobolds
  A frilled lizard (D:2)
  3 rats
56 creatures vanquished.

Vanquished Creatures (others)
  4 demonic plants (D:1)
  2 fungi (D:1)
  2 plants (D:1)
  6 withered plants
14 creatures vanquished.

Grand Total: 70 creatures vanquished

Notes
Turn   | Place    | Note
-------+----------+-------------------------------------------
     0 | D:1      | mordus the Hill Orc Monk began the quest for the Orb.
     0 | D:1      | Reached XP level 1. HP: 19/19 MP: 1/1
   146 | D:1      | Reached XP level 2. HP: 14/26 MP: 2/2
   190 | D:1      | Reached skill level 1 in Armour
   382 | D:1      | Found a faded altar of an unknown god.
   705 | D:2      | Reached skill level 4 in Polearms
   705 | D:2      | Reached XP level 3. HP: 19/31 MP: 3/3
  1020 | D:2      | Noticed Jessica
  1029 | D:2      | Killed Jessica
  1399 | D:2      | Reached XP level 4. HP: 32/39 MP: 4/4
  1691 | D:2      | Found a runed translucent door.
  1692 | D:2      | Noticed Crazy Yiuf
  1938 | D:2      | Reached skill level 5 in Polearms
  2154 | D:2      | Killed Crazy Yiuf
  2155 | D:2      | Reached XP level 5. HP: 29/45 MP: 5/5
  2339 | D:3      | Noticed Grinder
  2348 | D:3      | Paralysed by Grinder for 3 turns
  2359 | D:3      | Killed Grinder
  2360 | D:3      | Reached skill level 6 in Polearms
  2360 | D:3      | Reached XP level 6. HP: 31/51 MP: 6/6
  2760 | D:3      | Found a shimmering altar of Xom.
  2808 | D:3      | Found an ancient bone altar of Kikubaaqudgha.
  2861 | D:3      | Found a shimmering blue altar of Sif Muna.
  3260 | D:4      | Reached skill level 7 in Polearms
  3405 | D:4      | Found a staircase to the Ecumenical Temple.
  3439 | D:4      | Reached XP level 7. HP: 32/57 MP: 7/7
  3445 | D:4      | Slain by an ogre

Illustrated notes

Levels and vault maps discovered:
D:1:      psy_arrival_whirlpool, layout_rooms, shapermc_ecumenical_altar_gd
D:2:      layout_loops_corners, serial_glass, glass_columns_b, glass_columns_a,
          uniq_crazy_yiuf_cottage, uniq_jessica
D:3:      layout_loops_ring, brannock_xom_greatest_gift, old_standard_altar,
          kiku_gazebo_garden_becter, uniq_grinder
D:4:      cheibrodos_old_hovel, layout_cave_pools, bloody_makhleb,
          minmay_temple_entry_statues_fountains, serial_park_tiny_pond,
          nicolae_shop_self_help

Skill      XL: |  1  2  3  4  5  6 |
---------------+-------------------+-----
Armour         | 1 2 3 4 |  4.2
Polearms       | 4 5 6 7 |  7.2
Fighting       | |  3.6
Dodging        | |  2.4
Stealth        | |  1.5

Action                   |  1- 3 |  4- 6 |  7- 9 || total
-------------------------+-------+-------+-------++-------
Melee: Spear             |    76 |   185 |     7 ||   268
 Stab: Sleeping          |     2 |     2 |       ||     4
Armor: Robe              |     1 |       |       ||     1
       Leather armour    |     6 |     6 |       ||    12
       Scale mail        |       |    52 |       ||    52
Dodge: Dodged            |    37 |    80 |     1 ||   118

Table legend: (Time is in decaauts)
 A = Elapsed time spent in this place.
 B = Non-inter-level travel time spent in this place.
 C = Inter-level travel time spent in this place.
 D = Time resting spent in this place.
 E = Time spent auto-exploring this place.
 F = Levels seen in this place.
 G = Mean time per level.
                   A        B        C        D        E       F      G
               +--------+--------+--------+--------+--------+-----+--------+
         Total |   3393 |   3306 |     87 |    623 |   2226 |   4 |  848.2 |
       Dungeon |   3393 |   3306 |     87 |    623 |   2226 |   4 |  848.2 |
               +--------+--------+--------+--------+--------+-----+--------+

Top non-repeatable levels by time:
     D:2: 1608 daAuts
     D:3: 881 daAuts
     D:1: 691 daAuts
     D:4: 213 daAuts
